TOP OF THE 1ST |
West Virginia Mountaineers batting - Pitching for Notre Dame Fighting Irish : LHP Jeremy Winston
|
Pitching: LHP Jeremy Winston
|
|
Batting: RHB Alfonso Flores
|
0-0: Ball 1-0: Ball 2-0: Ball 3-0: Base on Balls
|
Batting: RHB Greg Smith
|
0-0: Ball 1-0: SINGLE (Groundball, 56D) Alfonso Flores to second
|
Batting: LHB Paco Córdova
|
0-0: Ball 1-0: Swinging Strike 1-1: Swinging Strike 1-2: Strikes out looking
|
Batting: RHB Víctor León
|
0-0: Foul Ball, location: 2F 0-1: Ball 1-1: Fly out, F9 (Flyball, 9S)
|
Batting: SHB Karl Webster
|
0-0: Called Strike 0-1: Called Strike 0-2: Foul Ball, location: 2F 0-2: SINGLE (Groundball, 6MD) Alfonso Flores to third Greg Smith to second Runner from 3rd tries for Home, SAFE, no throw
|
Batting: RHB David Randall
|
0-0: Called Strike 0-1: Foul Ball, location: 2F 0-2: Ground out 5-3 (Groundball, 56S)
|
Top of the 1st over - 1 run(s), 2 hit(s), 0 error(s), 2 left on base; West Virginia 1 - Notre Dame 0 |
BOTTOM OF THE 1ST |
Notre Dame Fighting Irish batting - Pitching for West Virginia Mountaineers : LHP Alberto Romo
|
Pitching: LHP Alberto Romo
|
|
Batting: SHB Carlos Ramírez
|
0-0: Foul Ball, location: 2F 0-1: Ball 1-1: Ball 2-1: Called Strike 2-2: Ball 3-2: Strikes out swinging
|
Batting: LHB Matt Moore
|
0-0: Called Strike 0-1: Called Strike 0-2: Ball 1-2: Ground out 3-1 (Groundball, 34)
|
Batting: RHB Fred McPhun
|
0-0: Called Strike 0-1: Ball 1-1: Ball 2-1: Ball 3-1: Base on Balls
|
Batting: LHB Sam Knight
|
0-0: Ball 1-0: Called Strike 1-1: Foul Ball, location: 2F 1-2: Ball 2-2: Fielders Choice at 2nd, 4-6 (Groundball, 4)
|
Bottom of the 1st over - 0 run(s), 0 hit(s), 0 error(s), 0 left on base; West Virginia 1 - Notre Dame 0 |
TOP OF THE 2ND |
West Virginia Mountaineers batting - Pitching for Notre Dame Fighting Irish : LHP Jeremy Winston
|
Batting: RHB Dennis Kelly
|
0-0: Called Strike 0-1: Ball 1-1: Ball 2-1: Fly out, F9 (Flyball, 9S)
|
Batting: RHB Ian Howard
|
0-0: Ball 1-0: Ball 2-0: Called Strike 2-1: Foul Ball, location: 2F 2-2: Ball 3-2: Base on Balls
|
Batting: SHB George Howell
|
0-0: Called Strike 0-1: Grounds into double play, 6-4-3 (Groundball, 6)
|
Top of the 2nd over - 0 run(s), 0 hit(s), 0 error(s), 0 left on base; West Virginia 1 - Notre Dame 0 |
BOTTOM OF THE 2ND |
Notre Dame Fighting Irish batting - Pitching for West Virginia Mountaineers : LHP Alberto Romo
|
Batting: RHB Jorge Ortíz
|
0-0: Ground out 5-3 (Groundball, 56S)
|
Batting: RHB Allen Miller
|
0-0: Ball 1-0: Ball 2-0: Ball 3-0: Base on Balls
|
Batting: RHB Silas Small
|
0-0: Called Strike 0-1: Ball 1-1: SINGLE (Line Drive, 6M) Allen Miller to second
|
Batting: SHB Andre Keeler
|
0-0: Grounds into double play, 5-4-3 (Groundball, 56)
|
Bottom of the 2nd over - 0 run(s), 1 hit(s), 0 error(s), 1 left on base; West Virginia 1 - Notre Dame 0 |
TOP OF THE 3RD |
West Virginia Mountaineers batting - Pitching for Notre Dame Fighting Irish : LHP Jeremy Winston
|
Batting: RHB Alfonso Flores
|
0-0: Foul Ball, location: 2F 0-1: Called Strike 0-2: Ball 1-2: Ground out U3 (Groundball, 34)
|
Batting: RHB Greg Smith
|
0-0: Foul Ball, location: 2F 0-1: Ball 1-1: Ball 2-1: Ground out 3-1 (Groundball, 34)
|
Batting: LHB Paco Córdova
|
0-0: Ball 1-0: Foul Ball, location: 2F 1-1: DOUBLE (Flyball, 78M)
|
Batting: RHB Víctor León
|
0-0: Foul Ball, location: 2F 0-1: Ball 1-1: Ground out 6-3 (Groundball, 6)
|
Top of the 3rd over - 0 run(s), 1 hit(s), 0 error(s), 1 left on base; West Virginia 1 - Notre Dame 0 |
BOTTOM OF THE 3RD |
Notre Dame Fighting Irish batting - Pitching for West Virginia Mountaineers : LHP Alberto Romo
|
Batting: RHB Mike Thompson
|
0-0: Called Strike 0-1: Swinging Strike 0-2: Ball 1-2: Ball 2-2: Ball 3-2: Foul Ball, location: 2F 3-2: Base on Balls
|
Batting: SHB Carlos Ramírez
|
0-0: Foul Ball, location: 2F 0-1: Foul Ball, location: 2F 0-2: Ball 1-2: Ball 2-2: Foul Ball, location: 2F 2-2: Foul Ball, location: 2F 2-2: Foul Ball, location: 2F 2-2: Ball 3-2: Base on Balls Mike Thompson to second
|
Batting: LHB Matt Moore
|
0-0: Called Strike 0-1: Ball 1-1: Ball 2-1: Ball 3-1: SINGLE (Groundball, 34) (infield hit) Mike Thompson to third Carlos Ramírez to second
|
Batting: RHB Fred McPhun
|
0-0: Ball 1-0: Ball 2-0: DOUBLE (Flyball, 7D) Mike Thompson scores Carlos Ramírez scores Matt Moore to third
|
Batting: LHB Sam Knight
|
0-0: Ball 1-0: Foul Ball, location: 2F 1-1: Fly out, F8 (Flyball, 78M) Runner from 3rd tags up, SCORES, no throw
|
Batting: RHB Jorge Ortíz
|
0-0: Ball 1-0: Ball 2-0: Called Strike 2-1: Foul Ball, location: 2F 2-2: Foul Ball, location: 2F 2-2: Ground out 4-3 (Groundball, 4) Fred McPhun to third
|
Batting: RHB Allen Miller
|
0-0: Called Strike 0-1: Ball 1-1: Ground out 4-3 (Groundball, 4)
|
Bottom of the 3rd over - 3 run(s), 2 hit(s), 0 error(s), 1 left on base; West Virginia 1 - Notre Dame 3 |
TOP OF THE 4TH |
West Virginia Mountaineers batting - Pitching for Notre Dame Fighting Irish : LHP Jeremy Winston
|
Batting: SHB Karl Webster
|
0-0: Ball 1-0: Called Strike 1-1: Ball 2-1: Foul Ball, location: 2F 2-2: Fly out, F7 (Flyball, 7S)
|
Batting: RHB David Randall
|
0-0: Foul Ball, location: 2F 0-1: Ball 1-1: Foul Ball, location: 2F 1-2: Foul Ball, location: 2F 1-2: Ball 2-2: Strikes out swinging
|
Batting: RHB Dennis Kelly
|
0-0: Ball 1-0: SINGLE (Line Drive, 78S)
|
Batting: RHB Ian Howard
|
0-0: Ball 1-0: Foul Ball, location: 2F 1-1: Swinging Strike 1-2: Foul Ball, location: 2F 1-2: Reached on error, E2 (Groundball, 2R) Dennis Kelly to third
|
Batting: SHB George Howell
|
0-0: Foul Ball, location: 2F 0-1: Ball 1-1: Ball 2-1: Swinging Strike 2-2: Ball 3-2: Foul Ball, location: 2F 3-2: Strikes out swinging
|
Top of the 4th over - 0 run(s), 1 hit(s), 1 error(s), 2 left on base; West Virginia 1 - Notre Dame 3 |
BOTTOM OF THE 4TH |
Notre Dame Fighting Irish batting - Pitching for West Virginia Mountaineers : LHP Alberto Romo
|
Batting: RHB Silas Small
|
0-0: Fly out, F6 (Line Drive, 6)
|
Batting: SHB Andre Keeler
|
0-0: Called Strike 0-1: Ball 1-1: Ground out 4-3 (Groundball, 4)
|
Batting: RHB Mike Thompson
|
0-0: Called Strike 0-1: Called Strike 0-2: Ball 1-2: Fly out, F6 (Popup, 56D)
|
Bottom of the 4th over - 0 run(s), 0 hit(s), 0 error(s), 0 left on base; West Virginia 1 - Notre Dame 3 |
TOP OF THE 5TH |
West Virginia Mountaineers batting - Pitching for Notre Dame Fighting Irish : LHP Jeremy Winston
|
Batting: RHB Alfonso Flores
|
0-0: Swinging Strike 0-1: Foul Ball, location: 2F 0-2: Ball 1-2: Foul Ball, location: 2F 1-2: Ball 2-2: Strikes out swinging
|
Batting: RHB Greg Smith
|
0-0: Foul Ball, location: 2F 0-1: Ball 1-1: Swinging Strike 1-2: Strikes out swinging
|
Batting: LHB Paco Córdova
|
0-0: Swinging Strike 0-1: Ball 1-1: Fly out, F7 (Flyball, 7)
|
Top of the 5th over - 0 run(s), 0 hit(s), 0 error(s), 0 left on base; West Virginia 1 - Notre Dame 3 |
BOTTOM OF THE 5TH |
Notre Dame Fighting Irish batting - Pitching for West Virginia Mountaineers : LHP Alberto Romo
|
Batting: SHB Carlos Ramírez
|
0-0: Called Strike 0-1: Fly out, F8 (Flyball, 8LM)
|
Batting: LHB Matt Moore
|
0-0: Ball 1-0: Fly out, F8 (Flyball, 8RS)
|
Batting: RHB Fred McPhun
|
0-0: Ball 1-0: SOLO HOME RUN (Flyball, 78XD), Distance : 368 ft
|
Batting: LHB Sam Knight
|
0-0: Called Strike 0-1: Ball 1-1: Called Strike 1-2: Ball 2-2: Foul Ball, location: 2F 2-2: Foul Ball, location: 2F 2-2: Fly out, F7 (Flyball, 78M)
|
Bottom of the 5th over - 1 run(s), 1 hit(s), 0 error(s), 0 left on base; West Virginia 1 - Notre Dame 4 |
TOP OF THE 6TH |
West Virginia Mountaineers batting - Pitching for Notre Dame Fighting Irish : LHP Jeremy Winston
|
Pitching: RHP Steve Benton
|
|
Batting: RHB Víctor León
|
0-0: Called Strike 0-1: Ball 1-1: Ball 2-1: Ball 3-1: Base on Balls
|
Batting: SHB Karl Webster
|
0-0: Ball 1-0: Ball 2-0: Called Strike 2-1: Fly out, F7 (Flyball, 78S)
|
Batting: RHB David Randall
|
0-0: Called Strike 0-1: Ball 1-1: Called Strike Víctor León steals 2nd base 1-2: Strikes out swinging
|
Batting: RHB Dennis Kelly
|
0-0: Fly out, F8 (Line Drive, 8RM)
|
Top of the 6th over - 0 run(s), 0 hit(s), 0 error(s), 1 left on base; West Virginia 1 - Notre Dame 4 |
BOTTOM OF THE 6TH |
Notre Dame Fighting Irish batting - Pitching for West Virginia Mountaineers : LHP Alberto Romo
|
Pitching: LHP Will Merritt
|
|
Batting: RHB Jorge Ortíz
|
0-0: Ball 1-0: SINGLE (Line Drive, 89M)
|
Batting: RHB Allen Miller
|
0-0: Foul Ball, location: 2F 0-1: Ball 1-1: Ball 2-1: Called Strike 2-2: Foul Ball, location: 2F 2-2: Grounds into double play, 6-4-3 (Groundball, 6)
|
Batting: RHB Silas Small
|
0-0: Ball 1-0: Called Strike 1-1: Foul Ball, location: 2F 1-2: Foul Ball, location: 2F 1-2: Foul Ball, location: 2F 1-2: Ball 2-2: Ball 3-2: Base on Balls
|
Batting: SHB Andre Keeler
|
0-0: Foul Ball, location: 2F 0-1: Ball 1-1: Ball 2-1: Foul Ball, location: 2F 2-2: Foul Ball, location: 2F 2-2: Ground out 1-3 (Groundball, 13)
|
Bottom of the 6th over - 0 run(s), 1 hit(s), 0 error(s), 1 left on base; West Virginia 1 - Notre Dame 4 |
TOP OF THE 7TH |
West Virginia Mountaineers batting - Pitching for Notre Dame Fighting Irish : RHP Steve Benton
|
Batting: RHB Ian Howard
|
0-0: Ball 1-0: Ball 2-0: Called Strike 2-1: Ball 3-1: Base on Balls
|
Batting: SHB George Howell
|
0-0: Ball 1-0: Ground out U3 (Groundball, 23) Ian Howard to second
|
Batting: RHB Alfonso Flores
|
0-0: Swinging Strike 0-1: Ball 1-1: Ball 2-1: Foul Ball, location: 2F 2-2: Ball 3-2: Fly out, F8 (Flyball, 8LD) Runner from 2nd tags up, SAFE at 3rd, no throw
|
Batting: RHB Greg Smith
|
0-0: Ball 1-0: Called Strike 1-1: Foul Ball, location: 2F 1-2: SINGLE (Line Drive, 7LS) Ian Howard scores
|
Batting: LHB Paco Córdova
|
0-0: Called Strike 0-1: Ball 1-1: Foul Ball, location: 2F 1-2: Foul Ball, location: 2F 1-2: Strikes out swinging
|
Top of the 7th over - 1 run(s), 1 hit(s), 0 error(s), 1 left on base; West Virginia 2 - Notre Dame 4 |
BOTTOM OF THE 7TH |
Notre Dame Fighting Irish batting - Pitching for West Virginia Mountaineers : LHP Will Merritt
|
Batting: RHB Mike Thompson
|
0-0: Ball 1-0: Ground out 4-3 (Groundball, 4M)
|
Batting: SHB Carlos Ramírez
|
0-0: Ball 1-0: Ball 2-0: Foul Ball, location: 2F 2-1: Ground out 4-3 (Groundball, 4M)
|
Now at 2B: Lee Scott
|
|
Batting: LHB Matt Moore
|
0-0: Called Strike 0-1: Ground out U3 (Groundball, 3)
|
Bottom of the 7th over - 0 run(s), 0 hit(s), 0 error(s), 0 left on base; West Virginia 2 - Notre Dame 4 |
TOP OF THE 8TH |
West Virginia Mountaineers batting - Pitching for Notre Dame Fighting Irish : RHP Steve Benton
|
Batting: RHB Víctor León
|
0-0: Called Strike 0-1: Ball 1-1: Foul Ball, location: 2F 1-2: Ball 2-2: Ground out 5-3 (Groundball, 5S)
|
Batting: SHB Karl Webster
|
0-0: Fly out, F8 (Flyball, 8RS)
|
Batting: RHB David Randall
|
0-0: Ball 1-0: Swinging Strike 1-1: Fly out, F9 (Flyball, 89M)
|
Top of the 8th over - 0 run(s), 0 hit(s), 0 error(s), 0 left on base; West Virginia 2 - Notre Dame 4 |
BOTTOM OF THE 8TH |
Notre Dame Fighting Irish batting - Pitching for West Virginia Mountaineers : LHP Will Merritt
|
Batting: RHB Fred McPhun
|
0-0: Called Strike 0-1: Called Strike 0-2: Ball 1-2: Foul Ball, location: 2F 1-2: Foul Ball, location: 2F 1-2: Strikes out swinging
|
Batting: LHB Sam Knight
|
0-0: Called Strike 0-1: Foul Ball, location: 2F 0-2: Foul Ball, location: 2F 0-2: Foul Ball, location: 2F 0-2: Ball 1-2: Foul Ball, location: 2F 1-2: Fly out, F8 (Flyball, 8LM)
|
Batting: RHB Jorge Ortíz
|
0-0: Ground out 1-3 (Groundball, 15)
|
Bottom of the 8th over - 0 run(s), 0 hit(s), 0 error(s), 0 left on base; West Virginia 2 - Notre Dame 4 |
TOP OF THE 9TH |
West Virginia Mountaineers batting - Pitching for Notre Dame Fighting Irish : RHP Steve Benton
|
Pitching: RHP Pedro Sendejo
|
|
Batting: RHB Lee Scott
|
0-0: Ball 1-0: Fly out, F2 (Popup, 3S)
|
Batting: RHB Ian Howard
|
0-0: Swinging Strike 0-1: Called Strike 0-2: Ball 1-2: Strikes out swinging
|
Batting: SHB George Howell
|
0-0: Ball 1-0: Ball 2-0: Called Strike 2-1: Ball 3-1: Called Strike 3-2: Base on Balls
|
Batting: RHB Alfonso Flores
|
0-0: Ball 1-0: Foul Ball, location: 2F 1-1: Ball 2-1: Swinging Strike 2-2: Foul Ball, location: 2F 2-2: Foul Ball, location: 2F 2-2: Strikes out swinging
|
Top of the 9th over - 0 run(s), 0 hit(s), 0 error(s), 1 left on base; West Virginia 2 - Notre Dame 4 |
|